[Event "Titled Tuesday Blitz April 4 Early 2023"]
[White "Goltseva, Ekaterina"]
[Black "Poliakova, Varvara"]
[WhiteFideId "24173770"]
[BlackFideId "13518313"]
[WhiteElo "2200"]
[BlackElo "2075"]
[Result "0-1"]
[Round "06"]
[TimeControl "180+2"]
[Date "2023.04.04"]
[WhiteClock "0:00:04"]
[BlackClock "0:01:56"]

1. d4 f5 2. Nc3 Nf6 3. Bg5 d5 4. Bxf6 exf6 5. e3 c6 6. Bd3 Bd6 7. Qh5+ g6 8. Qf3 Be6 9. Nge2 Nd7 10. h3 b5 11. Nf4 Bxf4 12. exf4 b4 13. Ne2 Nb6 14. g4 Qd7 15. Rg1 O-O-O 16. O-O-O Kc7 17. Rde1 Rhe8 18. g5 fxg5 19. fxg5 Bf7 20. Nf4 Re4 21. Qg3 Kb7 22. c3 bxc3 23. bxc3 Na4 24. Kc2 Ka8 25. Rb1 Qc7 26. Bxe4 dxe4 27. Ne2 Qa5 28. Nc1 f4 29. Qxf4 Qxc3+ 30. Kd1 Rxd4+ 31. Ke2 Bc4+ 0-1


[Site "https://www.chess.com"]

[Event "Titled Tuesday Blitz April 4 Early 2023"]
[White "Munoz, Francisco Javier"]
[Black "WindWhistler11"]
[WhiteFideId "128368"]
[WhiteElo "2383"]
[BlackElo "2469"]
[Result "1-0"]
[Round "06"]
[TimeControl "180+2"]
[Date "2023.04.04"]
[WhiteClock "0:00:17"]
[BlackClock "0:00:02"]

1. e4 e6 2. Nc3 d5 3. exd5 exd5 4. d4 Ne7 5. Bg5 f6 6. Bh4 Nbc6 7. Qd2 Be6 8. O-O-O Qd7 9. f3 Nf5 10. Bf2 g6 11. Nh3 O-O-O 12. Kb1 Bh6 13. Nf4 Bf7 14. g4 Nd6 15. h4 Na5 16. Qc1 Qc6 17. Bh3 Kb8 18. Rhg1 Nac4 19. g5 Bg7 20. Nd3 Rhe8 21. Ka1 a5 22. Rde1 a4 23. Nb4 Qb6 24. a3 Nb5 25. Nxa4 Qa5 26. Nc5 f5 27. c3 Qb6 28. Rxe8 Rxe8 29. Re1 Na5 30. Bf1 Qxc5 31. dxc5 Nb3+ 32. Kb1 Nxc1 33. Kxc1 Rxe1+ 34. Bxe1 Na7 35. Bf2 Nc8 36. Kd2 h6 37. Bd4 Bxd4 38. cxd4 hxg5 39. hxg5 Ne7 40. Nd3 c6 41. Ke3 Be8 42. Ne5 Kc7 43. b4 b6 44. a4 Nc8 45. Bd3 bxc5 46. dxc5 Ne7 47. Kd4 Bd7 48. b5 cxb5 49. axb5 Bc8 50. b6+ Kb7 51. Bb5 Be6 52. Be8 f4 53. Nxg6 Nf5+ 54. Ke5 Ng7 55. Nxf4 1-0


[Site "https://www.chess.com"]

[Event "Titled Tuesday Blitz April 4 Early 2023"]
[White "Dobre, Claudiu-Cristian"]
[Black "Vafin, Ayrat"]
[WhiteFideId "1211854"]
[BlackFideId "4146530"]
[WhiteElo "2207"]
[BlackElo "2317"]
[Result "1/2-1/2"]
[Round "06"]
[TimeControl "180+2"]
[Date "2023.04.04"]
[WhiteClock "0:00:14"]
[BlackClock "0:00:10"]

1. e4 e5 2. Nf3 Nf6 3. Nxe5 d6 4. Nf3 Nxe4 5. c4 Nc6 6. Nc3 Nxc3 7. dxc3 Be7 8. Bd3 O-O 9. O-O Bg4 10. Be4 Qd7 11. h3 Bf5 12. Bxf5 Qxf5 13. Re1 Bf6 14. Qd5 Qxd5 15. cxd5 Ne7 16. c4 Ng6 17. Bd2 Rfe8 18. Kf1 b6 19. Rab1 a5 20. a4 Rxe1+ 21. Kxe1 Re8+ 22. Kf1 Re4 23. b3 Kf8 24. g3 Ke8 25. Re1 Rxe1+ 26. Nxe1 Ne5 27. Ke2 Nd7 28. Be3 Ke7 29. Nc2 h5 30. h4 g6 31. Na3 Ne5 32. Nb5 Kd7 33. Bd4 Ng4 34. Bxf6 Nxf6 35. f3 c6 36. Nc3 Kc7 37. Ne4 Nxe4 38. fxe4 b5 39. Kd3 bxa4 40. bxa4 c5 41. Ke3 f6 42. Kf4 Kd7 43. g4 hxg4 44. Kxg4 Ke7 45. h5 Kf7 46. hxg6+ Kxg6 47. Kf4 Kg7 48. Kf5 Kf7 49. Kf4 Kg7 50. Kg3 Kg6 51. Kg4 Kg7 52. Kh5 Kh7 53. Kh4 Kh6 54. Kg4 Kg7 55. Kf4 Kg6 56. Kg4 Kg7 1/2-1/2


[Site "https://www.chess.com"]

[Event "Titled Tuesday Blitz April 4 Early 2023"]
[White "Demin, Vladimir"]
[Black "UNSTOPPABLE_LEGEND"]
[WhiteFideId "4167457"]
[WhiteElo "2549"]
[BlackElo "2504"]
[Result "0-1"]
[Round "06"]
[TimeControl "180+2"]
[Date "2023.04.04"]
[WhiteClock "0:00:11"]
[BlackClock "0:01:56"]

1. d4 h6 2. e4 d6 3. Nc3 Nd7 4. f4 Ndf6 5. Nf3 Nh7 6. Bc4 e6 7. d5 Ngf6 8. O-O Be7 9. Kh1 O-O 10. e5 dxe5 11. Nxe5 Nxd5 12. Nxd5 exd5 13. Bxd5 Nf6 14. Bb3 Bd6 15. Qf3 c6 16. Be3 Qc7 17. Bd4 Bf5 18. Rae1 Rae8 19. h3 Be6 20. Nd3 Bd5 21. Bxd5 Nxd5 22. f5 Be7 23. c4 Bf6 24. Bc5 Ne7 25. Nf4 b6 26. Ba3 c5 27. Nh5 Qc6 28. Qg3 Kh7 29. b3 Ng8 30. Bc1 Bd4 31. f6 g6 32. Nf4 Re4 33. Rxe4 Qxe4 34. Re1 Qf5 35. Nd5 Nxf6 36. Qh4 Nxd5 37. Qxh6+ Kg8 38. cxd5 Qxd5 39. Bg5 Qf5 40. Qh4 Bg7 41. Bh6 Bf6 42. Qa4 Ra8 43. Qc6 Rd8 44. Qc7 Qd5 45. Bf4 Rd7 46. Qb8+ Kg7 47. Bg3 Qc6 48. Kh2 Rd2 49. Rg1 Qe4 50. Qf4 Qxf4 51. Bxf4 Rxa2 52. Re1 Rb2 53. Re3 Bd4 54. Rd3 a5 55. Bc7 Rb1 56. Bxb6 Bg1+ 57. Kg3 c4 58. Bd4+ Bxd4 59. Rxd4 cxb3 60. Rd5 b2 0-1


[Site "https://www.chess.com"]

[Event "Titled Tuesday Blitz April 4 Early 2023"]
[White "Chernomordik, Pavel"]
[Black "Buksa, Nataliya"]
[WhiteFideId "2804530"]
[BlackFideId "14123622"]
[WhiteElo "2193"]
[BlackElo "2316"]
[Result "0-1"]
[Round "06"]
[TimeControl "180+2"]
[Date "2023.04.04"]
[WhiteClock "0:00:09"]
[BlackClock "0:00:21"]

1. e4 c5 2. Nc3 Nc6 3. Bb5 Nd4 4. Bc4 e6 5. Nge2 Ne7 6. O-O Nec6 7. d3 Be7 8. a3 a6 9. Ng3 b5 10. Ba2 Bb7 11. Nce2 Qc7 12. c3 Nxe2+ 13. Qxe2 O-O-O 14. b4 cxb4 15. axb4 h5 16. h3 h4 17. Nh1 Bd6 18. Rd1 Rdg8 19. d4 Bh2+ 20. Kf1 g5 21. f3 f5 22. Nf2 g4 23. hxg4 fxg4 24. Ke1 gxf3 25. gxf3 Rg2 26. Be3 Bg3 27. Kd2 h3 28. Rf1 h2 29. Kd3 Qd6 30. Kc2 Qe7 31. d5 exd5 32. Bxd5 Qh4 33. Kb3 Bxf2 34. Rxf2 Rxf2 35. Bxf2 h1=Q 36. Rxh1 Qxh1 37. Qd3 Rh2 0-1


[Site "https://www.chess.com"]

[Event "Titled Tuesday Blitz April 4 Early 2023"]
[White "Weishaeutel, Moritz"]
[Black "Manukyan, Artyom"]
[WhiteFideId "12967300"]
[BlackFideId "13305786"]
[WhiteElo "2301"]
[BlackElo "2078"]
[Result "0-1"]
[Round "06"]
[TimeControl "180+2"]
[Date "2023.04.04"]
[WhiteClock "0:00:08"]
[BlackClock "0:00:16"]

1. e4 e6 2. b3 d5 3. Bb2 c5 4. exd5 exd5 5. d4 Nf6 6. Nf3 Nc6 7. Bb5 Qa5+ 8. Nc3 cxd4 9. Nxd4 Bd7 10. O-O O-O-O 11. Nxc6 bxc6 12. Bd3 Bd6 13. Ne2 h5 14. a3 Qc7 15. h3 Ng4 16. g3 h4 17. hxg4 hxg3 18. f3 Bc5+ 19. Bd4 g2 20. f4 gxf1=Q+ 21. Qxf1 Bxd4+ 22. Nxd4 Bxg4 23. Bf5+ Bxf5 24. Nxf5 Qb6+ 25. Kg2 g6 26. Ng3 Rde8 27. Re1 Kb7 28. Rd1 Qe3 29. Rd3 Qe6 30. Rd4 Qh3+ 31. Kf3 Qxf1+ 32. Nxf1 Rh3+ 33. Kg2 Rc3 34. Rd2 Re4 35. Ng3 Re1 36. Kf2 Ra1 37. Ne2 Rh3 38. Kg2 Re3 39. a4 Ra2 40. Nd4 Re4 41. Kf3 a6 42. Ne2 Ra1 43. Nc3 Ree1 44. Ne2 f5 45. Nd4 Rf1+ 46. Kg2 Rg1+ 47. Kh2 Rh1+ 48. Kg2 Rag1+ 49. Kf2 Rh2+ 50. Kxg1 Rxd2 51. c3 Rd3 52. Ne2 Rd1+ 53. Kf2 Rd2 54. Ke3 Rd1 55. Nd4 Kb6 56. Ne6 a5 57. Nf8 Rg1 58. Kf2 Rg4 59. Kf3 c5 60. Nd7+ Kc7 61. Nxc5 Rg1 62. Ne6+ Kd6 63. Nf8 Ke7 64. Nh7 Rc1 65. Ke3 Rxc3+ 66. Kd4 Rxb3 67. Kxd5 Rb4 68. Ke5 Re4+ 69. Kd5 Rxf4 70. Ng5 Rxa4 71. Nf3 Rb4 72. Ne5 Rb5+ 73. Kd4 Rxe5 74. Kxe5 a4 0-1


[Site "https://www.chess.com"]

[Event "Titled Tuesday Blitz April 4 Early 2023"]
[White "Avazkhonov, Alikhon"]
[Black "Francisco Guecamburu, Candela Be"]
[WhiteFideId "14208504"]
[BlackFideId "160911"]
[WhiteElo "1739"]
[BlackElo "2326"]
[Result "0-1"]
[Round "06"]
[TimeControl "180+2"]
[Date "2023.04.04"]
[WhiteClock "0:00:01"]
[BlackClock "0:01:13"]

1. d4 Nf6 2. c4 c5 3. d5 e6 4. Nc3 exd5 5. cxd5 d6 6. e4 g6 7. f4 Bg7 8. Bb5+ Nfd7 9. a4 O-O 10. Nf3 Na6 11. O-O Nb4 12. Be2 Re8 13. Nd2 f5 14. exf5 gxf5 15. Nc4 Nf6 16. Bf3 Ne4 17. Nxe4 fxe4 18. Bh5 Rf8 19. Qe2 Nxd5 20. Qxe4 Nf6 21. Qf3 Bf5 22. Rd1 d5 23. Ne5 Qe7 24. b4 Be4 25. Qh3 Nxh5 26. Qxh5 cxb4 27. g3 Qc5+ 28. Kf1 Rae8 29. Bb2 Qc2 30. Qe2 Bxe5 31. Bxe5 0-1


[Site "https://www.chess.com"]

[Event "Titled Tuesday Blitz April 4 Early 2023"]
[White "Manon-og, Ramon Jr."]
[Black "Turzo, Attila"]
[WhiteFideId "5200776"]
[BlackFideId "704954"]
[WhiteElo "2386"]
[BlackElo "2528"]
[Result "1-0"]
[Round "06"]
[TimeControl "180+2"]
[Date "2023.04.04"]
[WhiteClock "0:00:05"]
[BlackClock "0:00:16"]

1. e4 c5 2. Nf3 Nc6 3. Bb5 g6 4. O-O Bg7 5. Nc3 Nd4 6. Bc4 e6 7. Nxd4 cxd4 8. Ne2 Ne7 9. d3 O-O 10. Bg5 h6 11. Bh4 g5 12. Bg3 d5 13. exd5 Nxd5 14. Qd2 e5 15. c3 dxc3 16. Nxc3 Be6 17. Rfe1 Nf4 18. Bxf4 Bxc4 19. Bxe5 Qxd3 20. Qxd3 Bxd3 21. Bxg7 Kxg7 22. Re7 Ba6 23. h3 Rfe8 24. Rd7 Rad8 25. Rad1 Rxd7 26. Rxd7 Re1+ 27. Kh2 Rf1 28. Kg3 Rg1 29. Ne4 Bf1 30. Rxb7 Bxg2 31. f3 Bh1+ 32. Kh2 Bxf3 33. Kxg1 Bxe4 34. Rxa7 Kg6 35. b4 f5 36. b5 f4 37. b6 Kf5 38. Ra5+ Ke6 39. Ra4 Bd5 40. Rd4 Ke5 41. Rxd5+ Kxd5 42. b7 1-0


[Site "https://www.chess.com"]

[Event "Titled Tuesday Blitz April 4 Early 2023"]
[White "Klepikov, Nikita"]
[Black "Ibadov, Dashgyn"]
[WhiteFideId "24145220"]
[BlackFideId "24107514"]
[WhiteElo "2025"]
[BlackElo "2208"]
[Result "1/2-1/2"]
[Round "06"]
[TimeControl "180+2"]
[Date "2023.04.04"]
[WhiteClock "0:00:09"]
[BlackClock "0:00:03"]

1. e4 e5 2. Nf3 Nc6 3. Bb5 a6 4. Ba4 Nf6 5. Qe2 b5 6. Bb3 Be7 7. c3 O-O 8. O-O Bb7 9. Rd1 Na5 10. Bc2 d5 11. d3 Nc6 12. Nbd2 Re8 13. Nf1 d4 14. Ng3 Bf8 15. a3 g6 16. c4 bxc4 17. dxc4 a5 18. Ba4 Nd7 19. h4 Nc5 20. Bc2 Bc8 21. Rb1 a4 22. Bg5 f6 23. Bc1 Bg4 24. Nf1 d3 25. Bxd3 Nd4 26. Qe3 Bxf3 27. gxf3 Nce6 28. Ng3 Bc5 29. Bf1 Nf4 30. Qc3 Rb8 31. Be3 Rb3 32. Qe1 Nxf3+ 33. Kh1 Nxe1 34. Rxd8 Rxd8 35. Bxc5 Nf3 36. Be3 Nd4 37. c5 Rdb8 38. Bc4+ Kg7 39. Bxb3 Rxb3 40. Kg1 Nd3 41. Rd1 Nxb2 42. Rd2 Nc4 43. Rd1 Nxa3 44. Bxd4 exd4 45. Rxd4 Nb5 46. Rd7+ Kh6 47. h5 Kg5 48. h6 a3 49. Rxh7 a2 50. Rg7 a1=Q+ 51. Kg2 Rb1 52. h7 Rg1+ 53. Kh2 Rxg3 54. fxg3 Qb2+ 55. Kh3 Qe2 56. h8=Q Qg4+ 57. Kg2 Qe2+ 58. Kh3 Qf1+ 59. Kh2 Qf2+ 60. Kh1 Qf1+ 61. Kh2 Qf2+ 62. Kh3 Qf1+ 63. Kh2 1/2-1/2


[Site "https://www.chess.com"]

[Event "Titled Tuesday Blitz April 4 Early 2023"]
[White "Gurevich, Dmitry"]
[Black "HamedWafa4"]
[WhiteFideId "2000407"]
[WhiteElo "2506"]
[BlackElo "2373"]
[Result "1-0"]
[Round "06"]
[TimeControl "180+2"]
[Date "2023.04.04"]
[WhiteClock "0:00:02"]
[BlackClock "0:00:03"]

1. d4 Nf6 2. c4 e6 3. Nc3 Bb4 4. a3 Bxc3+ 5. bxc3 Nc6 6. e3 b6 7. Bd3 Ba6 8. Nf3 Na5 9. Nd2 d5 10. Qe2 O-O 11. O-O Rc8 12. cxd5 Bxd3 13. Qxd3 exd5 14. f3 c5 15. e4 cxd4 16. cxd4 Nc4 17. e5 Nd7 18. f4 Nxd2 19. Bxd2 Rc4 20. f5 Re8 21. f6 g6 22. Rf3 Nf8 23. Rh3 Ne6 24. Qe3 h5 25. Rh4 b5 26. Rf1 Qb6 27. Rff4 Rec8 28. h3 Kf8 29. Kh2 Ke8 30. Qg3 g5 31. Rxh5 gxf4 32. Qg8+ Nf8 33. Qxf8+ Kd7 34. Qxf7+ Kc6 35. Qe6+ Kb7 36. Qxd5+ Ka6 37. f7 Rxd4 38. Qf3 Rxd2 39. Qxf4 Rcc2 40. Rg5 Rf2 41. Qe4 Qd8 42. Rg4 Qe7 43. e6 Qd6+ 44. Rg3 Rf1 45. e7 Rcc1 46. Qe1 1-0


[Site "https://www.chess.com"]

[Event "Titled Tuesday Blitz April 4 Early 2023"]
[White "Bruedigam, Martin"]
[Black "Aponte Ramos, Argimiro"]
[WhiteFideId "24608033"]
[BlackFideId "3900568"]
[WhiteElo "2331"]
[BlackElo "2216"]
[Result "1-0"]
[Round "06"]
[TimeControl "180+2"]
[Date "2023.04.04"]
[WhiteClock "0:00:57"]
[BlackClock "0:00:12"]

1. d4 Nc6 2. Nf3 d6 3. e4 Nf6 4. Nbd2 Bg4 5. c3 e6 6. Bd3 Be7 7. Nf1 Bh5 8. Ng3 Bg6 9. O-O O-O 10. Re1 e5 11. d5 Nb8 12. c4 Nbd7 13. h3 Re8 14. Be3 a5 15. b3 b6 16. a3 Nc5 17. Qc2 Nh5 18. Nxh5 Bxh5 19. Nd2 Bg5 20. Bxg5 Qxg5 21. b4 axb4 22. axb4 Nd7 23. Kh1 Nf8 24. Nf1 Ng6 25. Ne3 Nf4 26. Bf1 Bg6 27. Kh2 h6 28. g3 Nh5 29. Bg2 Nf6 30. Bf3 Nh5 31. Bg2 Rxa1 32. Rxa1 Nxg3 33. c5 bxc5 34. fxg3 Qxe3 35. bxc5 Rb8 36. Rc1 Rb3 37. cxd6 Qxg3+ 38. Kh1 cxd6 39. Qc8+ Kh7 40. Rf1 Rb2 41. Rg1 Bxe4 42. Bxe4+ g6 43. Rxg3 1-0


[Site "https://www.chess.com"]

[Event "Titled Tuesday Blitz April 4 Early 2023"]
[White "Petrova, Irina"]
[Black "Acikel, Mert"]
[WhiteFideId "14124122"]
[BlackFideId "12956465"]
[WhiteElo "2084"]
[BlackElo "2097"]
[Result "1/2-1/2"]
[Round "06"]
[TimeControl "180+2"]
[Date "2023.04.04"]
[WhiteClock "0:00:08"]
[BlackClock "0:00:06"]

1. e4 e5 2. Nf3 Nc6 3. Bb5 a6 4. Ba4 Nf6 5. Bxc6 dxc6 6. d3 Bd6 7. Nbd2 Be6 8. b3 Nd7 9. Bb2 O-O 10. Nf1 Qe7 11. Ng3 Rfd8 12. O-O f6 13. Nh4 Nf8 14. Nhf5 Qf7 15. Qf3 Ng6 16. Nh5 Bf8 17. Rad1 c5 18. h3 Bxf5 19. Qxf5 Ne7 20. Qg4 Qg6 21. Ng3 Nc6 22. Qxg6 hxg6 23. f4 exf4 24. Rxf4 Bd6 25. Rf3 Ne5 26. Bxe5 Bxe5 27. Ne2 b5 28. Nf4 g5 29. Ne2 a5 30. Kf1 a4 31. Ng3 axb3 32. axb3 Ra2 33. Rd2 Ra1+ 34. Ke2 Bc3 35. Rd1 Ra2 36. Nf5 Rxc2+ 37. Kf1 Rd7 38. Rf2 Rxf2+ 39. Kxf2 g6 40. Ne3 c6 41. Ke2 Kg7 42. Rc1 Bd4 43. Rc2 Ra7 44. Ng4 Ra1 45. Kf3 Rb1 46. Ra2 Kf7 47. Ra7+ Ke6 48. Ra6 Kd7 49. Ra7+ Kd6 50. Nh6 Rxb3 51. Nf7+ Ke6 52. Nd8+ Kd6 53. Nf7+ Ke6 54. Nd8+ Kd6 55. Nf7+ 1/2-1/2


[Site "https://www.chess.com"]

[Event "Titled Tuesday Blitz April 4 Early 2023"]
[White "Urazayev, Arystanbek"]
[Black "Omariev, Maksim"]
[WhiteFideId "13709810"]
[BlackFideId "4193423"]
[WhiteElo "2449"]
[BlackElo "2419"]
[Result "1-0"]
[Round "06"]
[TimeControl "180+2"]
[Date "2023.04.04"]
[WhiteClock "0:01:42"]
[BlackClock "0:00:01"]

1. e4 c5 2. Nf3 d6 3. d4 cxd4 4. Nxd4 Nf6 5. Nc3 a6 6. Be2 e6 7. g4 Be7 8. g5 Nfd7 9. h4 b5 10. Be3 Bb7 11. f3 Ne5 12. Qd2 Nbd7 13. f4 b4 14. Nd1 Bxe4 15. Rf1 Ng6 16. Nf2 Bd5 17. h5 Nh4 18. O-O-O Ng2 19. Kb1 g6 20. Ng4 Nxe3 21. Nxe3 Qb6 22. Nxd5 exd5 23. Bf3 Rc8 24. Bxd5 Rc5 25. Bb3 a5 26. Ba4 Kd8 27. Rfe1 gxh5 28. Qg2 d5 29. Qh3 Nf8 30. Qxh5 Ng6 31. f5 Nf4 32. Qxf7 Qd6 33. f6 1-0


[Site "https://www.chess.com"]

[Event "Titled Tuesday Blitz April 4 Early 2023"]
[White "Mohammed, Zozek Salah Mohammed"]
[Black "Kaczur, Florian"]
[WhiteFideId "4803361"]
[BlackFideId "705098"]
[WhiteElo "2211"]
[BlackElo "2485"]
[Result "1-0"]
[Round "06"]
[TimeControl "180+2"]
[Date "2023.04.04"]
[WhiteClock "0:00:36"]
[BlackClock "0:00:03"]

1. d4 f5 2. Nf3 Nf6 3. g3 g6 4. Bg2 Bg7 5. O-O O-O 6. c4 e6 7. Nc3 d5 8. b3 c6 9. Bb2 Nbd7 10. Nd2 Ne4 11. e3 b6 12. f3 Nxc3 13. Bxc3 Bb7 14. e4 c5 15. exd5 cxd4 16. Bb4 Nc5 17. dxe6 Re8 18. Bxc5 bxc5 19. Re1 d3 20. Rc1 f4 21. gxf4 Qd4+ 22. Kh1 Qxf4 23. Ne4 Rad8 24. Qd2 Be5 25. Qxf4 Bxf4 26. Rcd1 d2 27. Rf1 Be3 28. Nf6+ Kg7 29. Nxe8+ Rxe8 30. Bh3 Kf6 31. Kg2 g5 32. Rf2 Bxf2 33. Kxf2 Rd8 34. Ke2 h5 35. Ke3 a5 36. Rxd2 Rxd2 37. Kxd2 Bxf3 38. Ke3 Bb7 39. a3 g4 40. Bf1 Kxe6 41. Kf4 Kf6 42. Bd3 Bc6 43. Be4 Be8 44. Bd5 Bg6 45. Bc6 Bc2 46. Be8 Bxb3 47. Bxh5 Bxc4 48. Bxg4 Bd5 49. Bd1 c4 50. h4 Bf7 51. Ke4 Kg7 52. Kd4 Kh6 53. Be2 Bg6 54. Kxc4 Be8 55. Kc5 Kg6 56. Kb6 a4 57. Ka5 Kh6 58. Bd1 Bd7 59. Bxa4 Be6 60. Bd1 Bd7 61. Kb4 Bc6 62. Ba4 Bd5 63. Be8 Bb7 64. a4 Ba6 65. a5 Bc8 66. Kc5 Kg7 67. Kb6 Kh6 68. Bc6 Kh5 69. Bb7 Bf5 70. a6 1-0


[Site "https://www.chess.com"]

[Event "Titled Tuesday Blitz April 4 Early 2023"]
[White "Pranav Anand"]
[Black "Hajiyev, Kanan"]
[WhiteFideId "46626786"]
[BlackFideId "13404148"]
[WhiteElo "2389"]
[BlackElo "2103"]
[Result "0-1"]
[Round "06"]
[TimeControl "180+2"]
[Date "2023.04.04"]
[WhiteClock "0:01:00"]
[BlackClock "0:00:23"]

1. d4 Nf6 2. c4 c6 3. Nc3 d5 4. e3 Bf5 5. Qb3 Qb6 6. cxd5 Qxb3 7. axb3 Nxd5 8. Nxd5 cxd5 9. Bd2 Nc6 10. Nf3 e6 11. Bb5 Bd6 12. Ke2 f6 13. Rhc1 Kd7 14. Ne1 Rhc8 15. Nd3 Bxd3+ 16. Bxd3 f5 17. h3 Bb4 18. Bc3 a6 19. g4 g6 20. Rg1 Bxc3 21. bxc3 Ne7 22. c4 Rf8 23. gxf5 Nxf5 24. Ra5 Kc6 25. Rc1 Kd6 26. b4 dxc4 27. Rxc4 Rac8 28. Rac5 Kd7 29. Rc1 Nd6 30. f4 Rxc5 31. bxc5 Nb5 32. h4 Kc6 33. Kf3 Rf7 34. Bc4 Re7 35. Ke4 Nc7 36. Ke5 Nd5 37. e4 Ne3 38. Bxe6 Ng4# 0-1


[Site "https://www.chess.com"]

[Event "Titled Tuesday Blitz April 4 Early 2023"]
[White "De La Colina, Nicolas"]
[Black "Goncalves, Davi Sulzbacher"]
[WhiteFideId "30946921"]
[BlackFideId "2154510"]
[WhiteElo "2046"]
[BlackElo "2182"]
[Result "1-0"]
[Round "06"]
[TimeControl "180+2"]
[Date "2023.04.04"]
[WhiteClock "0:01:56"]
[BlackClock "0:00:33"]

1. c4 e5 2. Nc3 Nc6 3. Nf3 g6 4. g3 Bg7 5. Bg2 Nge7 6. O-O O-O 7. d3 d6 8. Rb1 a5 9. a3 Be6 10. b4 axb4 11. axb4 Qd7 12. Ng5 Bf5 13. b5 Nd8 14. Bb2 h6 15. Nf3 Bh3 16. Qb3 Bxg2 17. Kxg2 Ne6 18. Ra1 Nd4 19. Nxd4 exd4 20. Ne4 d5 21. cxd5 Qxd5 22. Qb4 Rxa1 23. Rxa1 f5 24. Qxe7 Bf6 1-0


[Site "https://www.chess.com"]

[Event "Titled Tuesday Blitz April 4 Early 2023"]
[White "Prohaszka, Peter"]
[Black "Deuer, Marius"]
[WhiteFideId "726265"]
[BlackFideId "16236432"]
[WhiteElo "2626"]
[BlackElo "2163"]
[Result "1-0"]
[Round "06"]
[TimeControl "180+2"]
[Date "2023.04.04"]
[WhiteClock "0:00:15"]
[BlackClock "0:00:08"]

1. d4 Nf6 2. c3 c5 3. dxc5 e6 4. Be3 Nc6 5. Nf3 Qc7 6. Na3 a6 7. Nc4 Ng4 8. Qd2 Nxe3 9. Qxe3 Na5 10. Nb6 Rb8 11. b4 Nc6 12. Nd5 Qd8 13. Rd1 Be7 14. Nxe7 Qxe7 15. Ne5 O-O 16. Nc4 a5 17. a3 b5 18. Nd6 axb4 19. axb4 Qd8 20. g3 Bb7 21. Bg2 Qc7 22. O-O Ne7 23. Nxb7 Rxb7 24. Bxb7 Qxb7 25. Qf3 Nc6 26. Rd6 Rd8 27. Rfd1 Kf8 28. Rxc6 dxc6 29. Rxd8+ Ke7 30. Rd6 1-0


[Site "https://www.chess.com"]

[Event "Titled Tuesday Blitz April 4 Early 2023"]
[White "Mazurkiewicz, Michal"]
[Black "EREBUNI91"]
[WhiteFideId "1124943"]
[WhiteElo "2054"]
[BlackElo "2659"]
[Result "1-0"]
[Round "06"]
[TimeControl "180+2"]
[Date "2023.04.04"]
[WhiteClock "0:01:15"]
[BlackClock "0:01:48"]

1. e4 c5 2. Nf3 e6 3. d3 Nc6 4. g3 d5 5. Nbd2 Bd6 6. Bg2 Nge7 7. O-O O-O 8. Re1 Bc7 9. h4 f5 10. exf5 Nxf5 11. c3 Qf6 12. Nb3 Ne5 13. Nxe5 Nxg3 14. fxg3 Bxe5 15. Rf1 Qe7 16. Bg5 Rxf1+ 17. Qxf1 Qd6 18. Bf4 b6 19. d4 Bxf4 20. Qxf4 Qxf4 21. gxf4 c4 22. Nd2 Ba6 23. Re1 Rf8 24. Bh3 Rxf4 25. Bxe6+ Kf8 26. Rf1 Rxf1+ 27. Nxf1 Bb7 28. Ne3 1-0


[Site "https://www.chess.com"]

[Event "Titled Tuesday Blitz April 4 Early 2023"]
[White "Toropov, Pavel"]
[Black "Silva Lucena, Cristian"]
[WhiteFideId "24129178"]
[BlackFideId "2232588"]
[WhiteElo "2182"]
[BlackElo "2223"]
[Result "0-1"]
[Round "06"]
[TimeControl "180+2"]
[Date "2023.04.04"]
[WhiteClock "0:00:05"]
[BlackClock "0:01:56"]

1. e4 e6 2. d4 d5 3. exd5 exd5 4. Bd3 Bd6 5. Nf3 Ne7 6. O-O Nbc6 7. c4 dxc4 8. Bxc4 O-O 9. Nc3 Bg4 10. h3 Bh5 11. Be3 Nf5 12. Be2 Re8 13. Qd2 Nxe3 14. fxe3 Qe7 15. e4 Bxf3 16. Bxf3 Nxd4 17. Bh5 g6 18. Nd5 Qe5 19. Nf6+ Kg7 20. Nxe8+ Rxe8 21. Bf3 Qh2+ 22. Kf2 Bg3+ 23. Ke3 Bf4+ 24. Kd3 Bxd2 25. Kxd2 Nxf3+ 26. Rxf3 Qxg2+ 27. Ke3 Rxe4+ 0-1


[Site "https://www.chess.com"]

[Event "Titled Tuesday Blitz April 4 Early 2023"]
[White "Rizzo, Tobias"]
[Black "Florescu, Codrut-Constantin"]
[WhiteFideId "30942691"]
[BlackFideId "1202200"]
[WhiteElo "2411"]
[BlackElo "2191"]
[Result "1-0"]
[Round "06"]
[TimeControl "180+2"]
[Date "2023.04.04"]
[WhiteClock "0:01:07"]
[BlackClock "0:00:57"]

1. d4 Nf6 2. Bg5 e6 3. e4 h6 4. Bxf6 Qxf6 5. c3 d5 6. Nd2 Nc6 7. Bd3 Bd7 8. Qf3 Qxf3 9. Ngxf3 dxe4 10. Nxe4 O-O-O 11. O-O-O b6 12. Ba6+ Kb8 13. d5 exd5 14. Rxd5 Be6 15. Rxd8+ Nxd8 16. Rd1 Be7 17. Ne5 c6 18. Bc4 Bxc4 19. Nxc4 f5 20. Rd7 Re8 21. Ncd6 Bxd6 22. Nxd6 Rg8 23. Nxf5 Ne6 24. Ne7 Rf8 25. Nxc6+ Kc8 26. Re7 Nc5 27. Nxa7+ Kd8 28. Nc6+ Kc8 29. f3 Nd3+ 30. Kc2 Nf4 31. Na7+ Kd8 32. Nc6+ Kc8 33. Rxg7 Rf5 34. Ne7+ 1-0


[Site "https://www.chess.com"]

[Event "Titled Tuesday Blitz April 4 Early 2023"]
[White "Kopczynski, Michal"]
[Black "Volkov, Maksim"]
[WhiteFideId "1124200"]
[BlackFideId "54123070"]
[WhiteElo "2212"]
[BlackElo "2312"]
[Result "0-1"]
[Round "06"]
[TimeControl "180+2"]
[Date "2023.04.04"]
[WhiteClock "0:00:28"]
[BlackClock "0:00:30"]

1. e4 e6 2. d4 d5 3. Nc3 Bb4 4. e5 c5 5. dxc5 Nc6 6. f4 d4 7. a3 Ba5 8. b4 dxc3 9. bxa5 Qxa5 10. Be3 Nge7 11. Bd3 O-O 12. Nf3 g6 13. O-O Nd5 14. Qe1 b6 15. cxb6 axb6 16. Be4 Ba6 17. Rf2 Rfd8 18. Bxd5 Rxd5 19. Ng5 Qa4 20. Qxc3 Rad8 21. h4 h6 22. Nf3 Ne7 23. h5 Rd1+ 24. Rxd1 Rxd1+ 25. Kh2 Nd5 26. Qb2 Nxe3 27. hxg6 Qxf4+ 28. g3 Ng4+ 29. Kg2 Qe3 30. gxf7+ Kxf7 31. Ng5+ Kg6 32. Rf6+ Nxf6 33. exf6 Bf1+ 34. Kh2 Qf2+ 35. Kh1 Qg2# 0-1


[Site "https://www.chess.com"]

[Event "Titled Tuesday Blitz April 4 Early 2023"]
[White "Kleiman, Jake"]
[Black "Gatterer, Florian"]
[WhiteFideId "2020041"]
[BlackFideId "811688"]
[WhiteElo "2600"]
[BlackElo "2221"]
[Result "1-0"]
[Round "06"]
[TimeControl "180+2"]
[Date "2023.04.04"]
[WhiteClock "0:00:32"]
[BlackClock "0:00:05"]

1. e4 c5 2. Nf3 e6 3. d3 Nc6 4. g3 d5 5. Qe2 Nf6 6. Bg2 dxe4 7. dxe4 Be7 8. O-O e5 9. c3 h6 10. a4 O-O 11. Na3 a6 12. Nc4 Qc7 13. a5 Be6 14. Nh4 Bxc4 15. Qxc4 Nxa5 16. Qe2 Nb3 17. Rb1 Nxc1 18. Rbxc1 c4 19. Nf5 Bc5 20. Kh1 b5 21. f4 Rad8 22. Rcd1 Rxd1 23. Rxd1 Rd8 24. Rxd8+ Qxd8 25. fxe5 Nd7 26. Qd1 Qe8 27. Nd6 Qxe5 28. Nxf7 Kxf7 29. Qxd7+ Kf8 30. Qc8+ Ke7 31. Qb7+ Kf6 32. Qxa6+ Qd6 33. Qa1 Qd2 34. h4 Qf2 35. Qa6+ Ke5 36. Kh2 Qf6 37. Qxb5 Qd6 38. Qxc4 Kf6 39. b4 Be3 40. Qd5 Qxd5 41. exd5 Bd2 42. b5 Bxc3 43. b6 Bd4 44. b7 Ba7 45. Kh3 Bb8 46. Kg4 g5 47. h5 Ke5 48. Bh1 Bc7 49. Kh3 Bb8 50. Kh2 Kd4 51. Kh3 Ke5 52. Bf3 Bd6 53. Kg2 Bb8 54. Kf2 Kd4 55. Ke2 Bxg3 56. Kd2 Bb8 57. Kc2 Ke3 58. Bh1 Kf4 59. Kd3 g4 60. Kd4 g3 61. Kc5 Kg4 62. d6 Bxd6+ 63. Kxd6 Kxh5 64. b8=Q 1-0


[Site "https://www.chess.com"]